[Event "Titled Tuesday Blitz April 4 Late 2023"]
[White "Durarbayli, Vasif"]
[Black "Sztokbant, Bernardo Vainzoff"]
[WhiteFideId "13402935"]
[BlackFideId "2115956"]
[WhiteElo "2551"]
[BlackElo "2222"]
[Result "1-0"]
[Round "03"]
[TimeControl "180+2"]
[Date "2023.04.04"]
[WhiteClock "0:00:12"]
[BlackClock "0:00:08"]

1. e4 c5 2. Nf3 Nc6 3. d4 cxd4 4. Nxd4 g6 5. Nc3 Bg7 6. Be3 Nf6 7. Nxc6 bxc6 8. e5 Nd5 9. Nxd5 cxd5 10. Qxd5 Rb8 11. O-O-O O-O 12. Qc5 d6 13. Qxa7 Be6 14. f4 Ra8 15. Qb6 Qc8 16. a3 dxe5 17. fxe5 Bxe5 18. Qc5 Qb8 19. Bd4 Bd6 20. Qb6 Qc8 21. Bd3 Rb8 22. Qa5 Qb7 23. Rhe1 Rfc8 24. Qg5 Qc7 25. g3 Bb3 26. Re2 Bc4 27. Bc3 Bxd3 28. Rxd3 Qc4 29. Qh6 f6 30. Qe3 Kf7 31. Rxd6 exd6 32. Qe7+ Kg8 33. Qxf6 Rb7 34. Qh8+ Kf7 35. Qg7# 1-0


[Site "https://www.chess.com"]

[Event "Titled Tuesday Blitz April 4 Late 2023"]
[White "Li, Ruifeng"]
[Black "Dudzinski, Pawel"]
[WhiteFideId "2061074"]
[BlackFideId "1117890"]
[WhiteElo "2441"]
[BlackElo "2099"]
[Result "1-0"]
[Round "03"]
[TimeControl "180+2"]
[Date "2023.04.04"]
[WhiteClock "0:00:31"]
[BlackClock "0:00:06"]

1. b3 e5 2. Bb2 Nc6 3. e3 g6 4. Nf3 Bg7 5. d4 exd4 6. Nxd4 Nxd4 7. Bxd4 Bxd4 8. Qxd4 Qf6 9. Qxf6 Nxf6 10. c4 d5 11. Nc3 Be6 12. Nb5 Kd7 13. cxd5 Bxd5 14. O-O-O c6 15. Nc3 Kc7 16. Nxd5+ Nxd5 17. Bc4 Rad8 18. Bxd5 Rxd5 19. Rxd5 cxd5 20. Kd2 Kd7 21. Rc1 Rc8 22. Rxc8 Kxc8 23. Kd3 Kd7 24. Kd4 Kd6 25. h4 h5 26. f3 f5 27. a3 b6 28. b4 Ke6 29. a4 Kd6 30. a5 Ke6 31. axb6 axb6 32. e4 dxe4 33. fxe4 fxe4 34. Kxe4 Kd6 35. Kd4 Ke6 36. Kc4 Kd6 37. Kb5 Kc7 38. Ka6 Kc6 39. b5+ Kc5 40. g3 1-0


[Site "https://www.chess.com"]

[Event "Titled Tuesday Blitz April 4 Late 2023"]
[White "Prydun, Andriy"]
[Black "Kamsky, Gata"]
[WhiteFideId "14145898"]
[BlackFideId "2000024"]
[WhiteElo "2164"]
[BlackElo "2660"]
[Result "0-1"]
[Round "03"]
[TimeControl "180+2"]
[Date "2023.04.04"]
[WhiteClock "0:00:09"]
[BlackClock "0:00:18"]

1. d4 g6 2. e4 Bg7 3. Nc3 d6 4. Be3 a6 5. h4 h6 6. Nh3 b5 7. a3 e6 8. Nf4 Bb7 9. Be2 Nd7 10. Bf3 e5 11. Nfe2 h5 12. d5 Bh6 13. Qd2 Bxe3 14. fxe3 Nh6 15. Nd1 Nf6 16. Nf2 Qe7 17. a4 O-O 18. Qb4 c6 19. dxc6 Bxc6 20. O-O-O Rfd8 21. a5 Rac8 22. Rd3 Bb7 23. Rhd1 Rc4 24. Qa3 Ra4 25. Qb3 Qc7 26. Kb1 Qxa5 27. c3 Ra1+ 28. Kc2 Rxd1 29. Kxd1 Qb6 30. c4 b4 31. Nc3 a5 32. Na4 Qc7 33. Qc2 Nd7 34. Ke2 Bc6 35. Rd1 Bxa4 36. Qxa4 Nc5 37. Qb3 Nxb3 0-1


[Site "https://www.chess.com"]

[Event "Titled Tuesday Blitz April 4 Late 2023"]
[White "Romero Pallares, Daniel"]
[Black "Kravtsiv, Martyn"]
[WhiteFideId "32025637"]
[BlackFideId "14113147"]
[WhiteElo "2195"]
[BlackElo "2695"]
[Result "0-1"]
[Round "03"]
[TimeControl "180+2"]
[Date "2023.04.04"]
[WhiteClock "0:00:44"]
[BlackClock "0:01:51"]

1. Nf3 c5 2. b3 Nc6 3. Bb2 d6 4. d4 cxd4 5. Nxd4 Nf6 6. g3 e5 7. Nxc6 bxc6 8. Bg2 Qc7 9. O-O Be7 10. c4 O-O 11. Nc3 Rb8 12. Qd2 Nd7 13. Rad1 f5 14. Ba3 Rf6 15. h3 Bb7 16. g4 fxg4 17. Ne4 Rg6 18. hxg4 c5 19. Ng3 Rxg4 20. Bxb7 Qxb7 21. Kh2 Rf8 22. Qd5+ Qxd5 23. Rxd5 Nf6 24. Rd3 Ne4 25. Nxe4 Rxe4 26. f3 Rxe2+ 27. Kg3 Rxa2 28. b4 e4 29. Re3 Rxf3+ 30. Rfxf3 exf3 31. bxc5 f2 32. Kg2 dxc5 0-1


[Site "https://www.chess.com"]

[Event "Titled Tuesday Blitz April 4 Late 2023"]
[White "Gasparyan, David"]
[Black "Yeletsky, Ivan"]
[WhiteFideId "13311980"]
[BlackFideId "24180327"]
[WhiteElo "2471"]
[BlackElo "2422"]
[Result "0-1"]
[Round "03"]
[TimeControl "180+2"]
[Date "2023.04.04"]
[WhiteClock "0:00:02"]
[BlackClock "0:00:10"]

1. e4 d6 2. d4 Nf6 3. Nc3 g6 4. Nf3 Bg7 5. Bc4 Nxe4 6. Nxe4 d5 7. Bd3 dxe4 8. Bxe4 Nd7 9. Bf4 O-O 10. O-O c5 11. Bg3 cxd4 12. b4 e5 13. Re1 Kh8 14. Bd3 Re8 15. Bc4 f6 16. Bh4 Qc7 17. Bb3 Rf8 18. Bg3 Qc3 19. Qd2 Qxd2 20. Nxd2 Nb6 21. Ne4 a5 22. a3 h6 23. Nd6 Kh7 24. f4 exf4 25. Bxf4 g5 26. Bg3 f5 27. Re7 axb4 28. Be5 Kg6 29. Rxg7+ Kh5 30. h3 bxa3 31. Bf7+ Rxf7 32. Nxf7 Nd5 33. Bxd4 Be6 34. Ne5 Nb4 35. Rc7 f4 36. Kf2 Ra4 37. Ke2 Nd5 38. Rc4 Nb4 39. c3 Bxc4+ 40. Nxc4 Nc2 41. Ra2 Nxd4+ 42. cxd4 Rxc4 43. Kd3 Ra4 44. d5 Kg6 45. d6 Kf6 46. Re2 a2 47. d7 Ra8 48. Rxa2 Rd8 49. Ke4 Rxd7 50. Ra5 Re7+ 51. Kf3 Kg6 52. Rb5 Kh5 53. Kf2 Kh4 54. Rb3 h5 55. Rb4 Rc7 56. Kg1 g4 57. Rxf4 Kg3 58. Rf1 gxh3 59. Rf3+ Kg4 60. Rxh3 b5 61. Rb3 Rb7 62. Kf2 b4 63. Ke2 h4 64. Kf2 Kg5 65. Kf3 Rb8 66. Kf2 Kf4 67. Ke2 Ke4 68. Rh3 b3 69. Rxh4+ Kd5 70. Rh1 b2 71. Rb1 Kc4 72. Kd2 Kb3 73. g4 Rg8 74. Rg1 Rxg4 75. Rxg4 b1=Q 76. Ke3 Qe1+ 77. Kf4 Kc3 78. Kg5 Kd3 79. Rf4 Qg3+ 80. Rg4 Qe5+ 81. Kg6 Ke3 82. Rg5 Qe6+ 83. Kg7 Kf4 84. Rg6 Qe7+ 85. Kg8 Kf5 86. Rg7 Qe8+ 87. Kh7 Kf6 88. Rg6+ Qxg6+ 89. Kh8 Qg7# 0-1


[Site "https://www.chess.com"]

[Event "Titled Tuesday Blitz April 4 Late 2023"]
[White "Baskakov, Egor"]
[Black "liwadas82"]
[WhiteFideId "24197866"]
[WhiteElo "2212"]
[BlackElo "2465"]
[Result "1-0"]
[Round "03"]
[TimeControl "180+2"]
[Date "2023.04.04"]
[WhiteClock "0:01:19"]
[BlackClock "0:00:17"]

1. e4 e5 2. Nc3 Nf6 3. g3 Nc6 4. Bg2 Bc5 5. h3 a6 6. Nge2 d6 7. d3 Be6 8. Nd5 Bxd5 9. exd5 Ne7 10. c4 Bb4+ 11. Nc3 Bxc3+ 12. bxc3 O-O 13. O-O Ng6 14. a4 a5 15. Be3 b6 16. Kh2 Nd7 17. d4 f5 18. f4 exd4 19. cxd4 Re8 20. Qd3 Nf6 21. Bg1 Qd7 22. c5 Ne4 23. Rfe1 bxc5 24. dxc5 Nxc5 25. Bxc5 dxc5 26. d6 Rad8 27. Qc4+ Kh8 28. Qxc5 Qxd6 29. Qxa5 Rf8 30. Qb5 h5 31. Rad1 Qb6 32. Qe2 h4 33. Qh5+ Kg8 34. Rxd8 Rxd8 35. Qxf5 hxg3+ 36. Kxg3 Rf8 37. Bd5+ 1-0


[Site "https://www.chess.com"]

[Event "Titled Tuesday Blitz April 4 Late 2023"]
[White "Ashraf, Artin"]
[Black "Olsson, William"]
[WhiteFideId "22514805"]
[BlackFideId "1741721"]
[WhiteElo "2188"]
[BlackElo "2197"]
[Result "1-0"]
[Round "03"]
[TimeControl "180+2"]
[Date "2023.04.04"]
[WhiteClock "0:00:06"]
[BlackClock "0:00:10"]

1. e4 c5 2. Nf3 d6 3. Bb5+ Nd7 4. Ba4 Nf6 5. O-O g6 6. Re1 Bg7 7. c4 O-O 8. Nc3 Nb6 9. d3 Nxa4 10. Qxa4 a6 11. h3 Bd7 12. Qc2 b5 13. Bf4 b4 14. Nd5 Nxd5 15. exd5 Ra7 16. Qd2 Re8 17. d4 Qb6 18. dxc5 dxc5 19. Be5 Bf5 20. g4 Bc8 21. Bxg7 Kxg7 22. Re3 e6 23. Rae1 Rd8 24. b3 exd5 25. cxd5 h6 26. Re8 Rad7 27. Rxd8 Rxd8 28. Ne5 Be6 29. Nc4 Qc7 30. Qb2+ Kh7 31. dxe6 fxe6 32. Qf6 Rd7 33. Qxe6 Rg7 34. Ne5 Qb7 35. Rd1 a5 36. Rd7 Rxd7 37. Nxd7 Qf3 38. Qe7+ Kg8 39. Nf6+ Kh8 40. Qh7# 1-0


[Site "https://www.chess.com"]

[Event "Titled Tuesday Blitz April 4 Late 2023"]
[White "Timmermans, Mark"]
[Black "Santos Flores, Alberto"]
[WhiteFideId "1026399"]
[BlackFideId "3601234"]
[WhiteElo "2460"]
[BlackElo "2235"]
[Result "1-0"]
[Round "03"]
[TimeControl "180+2"]
[Date "2023.04.04"]
[WhiteClock "0:01:06"]
[BlackClock "0:00:05"]

1. e4 c5 2. Nf3 Nc6 3. d4 cxd4 4. Nxd4 g6 5. Nc3 Bg7 6. Nde2 Nf6 7. h3 O-O 8. g4 b5 9. a3 Rb8 10. Bg2 a5 11. O-O b4 12. axb4 axb4 13. Nd5 Nxd5 14. exd5 Ne5 15. Ra4 d6 16. b3 Bd7 17. Ra7 Bb5 18. Re1 Bxe2 19. Qxe2 Re8 20. f4 Nd7 21. Qf2 Qc8 22. Kh1 Ra8 23. Rxa8 Qxa8 24. Bd2 Qb7 25. Re4 Bc3 26. Bxc3 bxc3 27. Rc4 Rc8 28. Rc6 Nb8 29. Rxc8+ Qxc8 30. Qe3 Kf8 31. Bf1 Nd7 32. Bc4 f6 33. Qxc3 Nb6 34. Qd4 Nxc4 35. Qxc4 Qxc4 36. bxc4 Ke8 37. Kg2 Kd7 38. Kf3 Kc7 39. Ke4 Kb7 40. Kd4 Kb6 41. g5 Kc7 42. c5 Kd7 43. c4 Kc7 44. cxd6+ Kxd6 45. c5+ Kd7 46. gxf6 exf6 47. Ke4 h6 48. h4 Ke7 49. Kf3 Kd7 50. Kg4 Ke7 51. h5 g5 52. fxg5 fxg5 53. Kf5 Kd7 54. Ke5 Ke7 55. c6 Kd8 56. d6 Ke8 57. Ke6 Kd8 58. c7+ Kc8 59. d7+ Kxc7 60. Ke7 1-0


[Site "https://www.chess.com"]

[Event "Titled Tuesday Blitz April 4 Late 2023"]
[White "Castellanos Rodriguez, Renier"]
[Black "Saya, Ethan"]
[WhiteFideId "3404650"]
[BlackFideId "26095181"]
[WhiteElo "2597"]
[BlackElo "2189"]
[Result "1-0"]
[Round "03"]
[TimeControl "180+2"]
[Date "2023.04.04"]
[WhiteClock "0:00:17"]
[BlackClock "0:00:02"]

1. c4 Nf6 2. Nc3 e6 3. e4 d5 4. e5 d4 5. exf6 dxc3 6. bxc3 Qxf6 7. d4 c5 8. Nf3 cxd4 9. Bg5 Qg6 10. Bd3 Qh5 11. O-O Bd6 12. h3 Nc6 13. Be4 O-O 14. cxd4 Bd7 15. Re1 Rac8 16. Rb1 b6 17. c5 Bc7 18. Be3 Rfd8 19. Qc2 bxc5 20. dxc5 Ne5 21. Nd4 Bb8 22. Rec1 Nc6 23. Nxc6 Bxc6 24. Rxb8 Rxb8 25. Bxc6 Rbc8 26. Bf3 Qe5 27. c6 h6 28. Bxa7 Qc7 29. Be3 Rb8 30. Qc4 Rbc8 31. Bf4 e5 32. Be3 Kh8 33. Bg4 Rb8 34. Bd7 Rxd7 35. cxd7 Qxd7 36. a4 Ra8 37. Ra1 Qb7 38. a5 Ra6 39. Bb6 Kh7 40. Qc2+ g6 41. Re1 1-0


[Site "https://www.chess.com"]

[Event "Titled Tuesday Blitz April 4 Late 2023"]
[White "Goltsev, Dmitry"]
[Black "Silva, Pedro Gil Ferreira Da"]
[WhiteFideId "24176710"]
[BlackFideId "1946102"]
[WhiteElo "2336"]
[BlackElo "2255"]
[Result "1-0"]
[Round "03"]
[TimeControl "180+2"]
[Date "2023.04.04"]
[WhiteClock "0:00:09"]
[BlackClock "0:00:14"]

1. e4 c5 2. Nf3 e6 3. d4 cxd4 4. Nxd4 a6 5. Nc3 Qc7 6. Be2 Nf6 7. O-O Nc6 8. Be3 Be7 9. f4 d6 10. Bf3 O-O 11. Qe2 Nxd4 12. Bxd4 e5 13. fxe5 dxe5 14. Be3 Bc5 15. Qf2 Bxe3 16. Qxe3 Be6 17. Rfd1 Rfd8 18. h3 Rac8 19. Be2 h6 20. Rd3 Rxd3 21. Bxd3 Rd8 22. Rf1 Nd7 23. Nd5 Bxd5 24. exd5 Qc5 25. Qxc5 Nxc5 26. Rd1 Kf8 27. Be2 Ke7 28. c4 a5 29. Kf2 Kd6 30. Ke3 f5 31. Rb1 f4+ 32. Kd2 e4 33. b3 Rf8 34. a3 f3 35. gxf3 exf3 36. Bf1 Ke5 37. b4 axb4 38. axb4 Ne4+ 39. Ke3 Ng3 40. Kf2 Kf4 41. Bd3 Ra8 42. Rb2 Ra1 43. Bb1 Ne4+ 44. Bxe4 Kxe4 45. d6 Rd1 46. c5 g5 47. Rc2 h5 48. b5 g4 49. hxg4 hxg4 50. c6 bxc6 51. bxc6 Rxd6 52. c7 g3+ 53. Kxg3 Rg6+ 54. Kh4 Rh6+ 55. Kg3 Rg6+ 56. Kh2 Rh6+ 57. Kg1 f2+ 58. Kg2 Rf6 59. Kf1 Rh6 60. c8=Q Kf3 61. Rc3+ 1-0


[Site "https://www.chess.com"]

[Event "Titled Tuesday Blitz April 4 Late 2023"]
[White "Kukula, Pawel"]
[Black "Makridis, Dimitrios"]
[WhiteFideId "1115081"]
[BlackFideId "25864475"]
[WhiteElo "2012"]
[BlackElo "2277"]
[Result "0-1"]
[Round "03"]
[TimeControl "180+2"]
[Date "2023.04.04"]
[WhiteClock "0:00:28"]
[BlackClock "0:00:07"]

1. d4 Nf6 2. Nf3 d6 3. Nc3 g6 4. e4 Bg7 5. a4 O-O 6. h3 Nbd7 7. Be2 a6 8. O-O b6 9. e5 Ne8 10. Bf4 Bb7 11. exd6 cxd6 12. d5 Rc8 13. Qd2 Nef6 14. Rfe1 Rxc3 15. bxc3 Nxd5 16. Bh6 Bxc3 17. Qg5 Bxa1 18. Rxa1 Re8 19. Bc4 e6 20. Qd2 Nc5 21. Bg5 Qa8 22. Bxd5 Bxd5 23. Bf6 Ne4 24. Qf4 Nxf6 25. Qxf6 Bxf3 26. gxf3 d5 27. Rb1 Rd8 28. Rb4 Rc8 29. Rxb6 Rxc2 30. h4 Rc1+ 31. Kg2 Rc8 32. h5 gxh5 33. Qg5+ Kf8 34. Qxh5 Ke7 35. Qg5+ Kd7 36. Qf6 Rg8+ 37. Kh2 Ke8 38. Qe5 Ke7 39. Qc7+ Kf6 40. Rb7 Qf8 41. Qf4+ Kg7 42. Qe5+ Kg6 43. Qg3+ Kf5 44. Qh3+ Kf6 45. Qh4+ Kg7 46. Qg5+ Kh8 47. Qe5+ Qg7 48. Qxg7+ Kxg7 49. Rb6 Ra8 50. a5 Kf6 51. Kg3 h5 52. f4 Kf5 53. Rb7 f6 54. Rh7 Rb8 55. Rxh5+ Ke4 56. Rh6 Rb3+ 57. Kg2 Kxf4 58. Rxf6+ Ke5 59. Rf7 Rb5 60. f4+ Kd6 61. Rf6 Ke7 62. Rh6 Rxa5 63. Rh7+ Kd6 64. Kg3 Ra3+ 65. Kg4 a5 66. Ra7 a4 67. Ra6+ Kd7 68. Ra7+ Kd6 69. Ra6+ Ke7 70. Kg5 Rg3+ 71. Kh4 Ra3 72. Kg5 Ra1 73. Ra7+ Kd8 74. Kf6 a3 75. Kxe6 a2 76. Kd6 Kc8 77. f5 d4 78. Ra3 d3 79. f6 d2 80. Rd3 Rf1 81. Rxd2 a1=Q 82. Rc2+ Kd8 83. Rd2 Qxf6+ 84. Kc5+ Kc8 85. Rd7 Rf5+ 0-1


[Site "https://www.chess.com"]

[Event "Titled Tuesday Blitz April 4 Late 2023"]
[White "QuiesPrecatio"]
[Black "Kilic, Eray"]
[BlackFideId "44517173"]
[WhiteElo "2460"]
[BlackElo "2328"]
[Result "0-1"]
[Round "03"]
[TimeControl "180+2"]
[Date "2023.04.04"]
[WhiteClock "0:00:05"]
[BlackClock "0:00:53"]

1. Nf3 Nf6 2. g3 g6 3. Bg2 Bg7 4. O-O O-O 5. d4 d6 6. c4 Nbd7 7. Qc2 e5 8. Rd1 exd4 9. Nxd4 Re8 10. Nc3 Nc5 11. e4 Ne6 12. Nde2 Qe7 13. f3 h5 14. Be3 h4 15. Rac1 hxg3 16. hxg3 Bd7 17. Nd5 Qd8 18. b4 a5 19. a3 b6 20. Qd2 axb4 21. axb4 Ra3 22. Bf2 Nxd5 23. cxd5 Ng5 24. Be3 Nh3+ 25. Kh2 Rxe3 26. Qxe3 Ng5 27. Qd3 f5 28. Nd4 fxe4 29. fxe4 Be5 30. Kg1 Qf6 31. Nf3 Bxg3 32. Nxg5 Bf2+ 33. Kh2 Qxg5 34. Rf1 Qf4+ 35. Kh1 Qh4+ 36. Bh3 Bxh3 37. Rxf2 Bf1+ 38. Rh2 Qxh2+ 39. Kxh2 Bxd3 40. Rxc7 Rxe4 41. Rc6 Rxb4 42. Rxd6 Kf7 43. Rd7+ Kf6 44. d6 Rd4 45. Rd8 Bf5 46. d7 Rxd7 47. Rb8 Rd6 48. Rb7 g5 0-1


[Site "https://www.chess.com"]

[Event "Titled Tuesday Blitz April 4 Late 2023"]
[White "Tworuszka, Michal"]
[Black "Weetik, Vjacheslav"]
[WhiteFideId "1117858"]
[BlackFideId "4153472"]
[WhiteElo "2460"]
[BlackElo "2469"]
[Result "1-0"]
[Round "03"]
[TimeControl "180+2"]
[Date "2023.04.04"]
[WhiteClock "0:00:08"]
[BlackClock "0:00:08"]

1. d4 Nf6 2. c4 e6 3. Nf3 d5 4. Nc3 Be7 5. Bf4 O-O 6. e3 Nbd7 7. c5 c6 8. h3 b6 9. b4 a5 10. a3 Ba6 11. Bxa6 Rxa6 12. b5 cxb5 13. c6 b4 14. Nb5 bxa3 15. cxd7 Bb4+ 16. Kf1 Qxd7 17. Qd3 Raa8 18. g4 Rfc8 19. Kg2 Ne4 20. Ne5 Qe7 21. f3 Nc3 22. Rhc1 Nxb5 23. Qxb5 f6 24. Nc6 Qf8 25. Qxb6 Kh8 26. Rc2 Re8 27. Rb1 h6 28. Nxb4 axb4 29. Bd6 a2 30. Ra1 Qf7 31. Bxb4 Reb8 32. Qc5 Ra4 33. Ba3 Rb3 34. Rcxa2 Rxe3 35. Qf8+ Qxf8 36. Bxf8 Rxd4 37. Ra7 Rd2+ 38. Kg3 Rdd3 39. Bxg7+ Kh7 40. Rf1 Kg6 41. Bh8 h5 42. Rg7+ Kh6 43. Rf7 h4+ 44. Kxh4 e5 45. Rxf6+ Kh7 46. Rf8 d4 47. g5 e4 48. Kh5 Rxf3 49. g6# 1-0


[Site "https://www.chess.com"]

[Event "Titled Tuesday Blitz April 4 Late 2023"]
[White "Adewumi, Tanitoluwa"]
[Black "Rizzo, Tobias"]
[WhiteFideId "30966396"]
[BlackFideId "30942691"]
[WhiteElo "2714"]
[BlackElo "2460"]
[Result "1-0"]
[Round "03"]
[TimeControl "180+2"]
[Date "2023.04.04"]
[WhiteClock "0:00:39"]
[BlackClock "0:01:34"]

1. e4 c5 2. Nf3 e6 3. g3 Nc6 4. Bg2 g6 5. d4 cxd4 6. Nxd4 d6 7. Nc3 Nf6 8. O-O Be7 9. Nxc6 bxc6 10. e5 Nd5 11. exd6 Bxd6 12. Ne4 Be7 13. Bh6 Ba6 14. Qd4 Rg8 15. Rfd1 Qc7 16. c4 Nb4 17. Nf6+ Bxf6 18. Qxf6 Bxc4 19. Bf4 Qb7 20. Bg5 Bd5 21. a3 Bxg2 22. Qd8+ 1-0


[Site "https://www.chess.com"]

[Event "Titled Tuesday Blitz April 4 Late 2023"]
[White "Ezat, Mohamed"]
[Black "Dzida, Kamil"]
[WhiteFideId "10600906"]
[BlackFideId "21828652"]
[WhiteElo "2386"]
[BlackElo "2139"]
[Result "1-0"]
[Round "03"]
[TimeControl "180+2"]
[Date "2023.04.04"]
[WhiteClock "0:01:06"]
[BlackClock "0:00:17"]

1. d4 Nf6 2. c4 g6 3. Nc3 d5 4. Bf4 c6 5. e3 Bg7 6. Nf3 Bg4 7. Be2 O-O 8. O-O Nbd7 9. cxd5 Nxd5 10. Nxd5 cxd5 11. Rc1 Qb6 12. b3 Rfc8 13. h3 Bxf3 14. Bxf3 e6 15. Qd3 Bf8 16. e4 dxe4 17. Qxe4 Ba3 18. Rxc8+ Rxc8 19. Qxb7 Qxb7 20. Bxb7 Rc2 21. d5 exd5 22. Bxd5 Rxa2 23. Rd1 Nf6 24. Bc4 Bc5 25. Be3 Bxe3 26. fxe3 Kg7 27. Rd6 h5 28. Rc6 Rd2 29. Kf1 h4 30. Ra6 Rd7 31. Ke2 Ne4 32. Kf3 f5 33. Kf4 Rd2 34. Rxa7+ Kf6 35. Rf7# 1-0


[Site "https://www.chess.com"]

[Event "Titled Tuesday Blitz April 4 Late 2023"]
[White "WindWhistler11"]
[Black "Baglan, Esat"]
[BlackFideId "6309216"]
[WhiteElo "2459"]
[BlackElo "2231"]
[Result "0-1"]
[Round "03"]
[TimeControl "180+2"]
[Date "2023.04.04"]
[WhiteClock "0:00:04"]
[BlackClock "0:00:30"]

1. Nf3 d5 2. c4 d4 3. e3 c5 4. exd4 cxd4 5. Bd3 Nc6 6. O-O g6 7. Re1 Bg7 8. Bf1 Nf6 9. d3 O-O 10. a3 a5 11. h3 Nd7 12. Bf4 e5 13. Bh2 Re8 14. Nbd2 Nc5 15. Nb3 Na6 16. Qc2 a4 17. Nbd2 Nc5 18. Ne4 Nb3 19. Rad1 f5 20. Ned2 Nc5 21. b4 axb3 22. Nxb3 Na4 23. Nfd2 Nc3 24. Ra1 b6 25. Be2 Nxe2+ 26. Rxe2 e4 27. Rae1 Rxa3 28. c5 b5 29. Bd6 Nb4 30. Qb1 Bd7 31. dxe4 d3 32. Re3 Nc2 33. e5 Nxe1 34. Qxe1 Be6 35. Rxd3 Bc4 36. Re3 Qa8 37. Kh2 Qd5 38. Nxc4 bxc4 39. Nc1 Rxe3 40. Qxe3 Bxe5+ 41. Bxe5 Qxe5+ 42. Qxe5 Rxe5 0-1


[Site "https://www.chess.com"]

[Event "Titled Tuesday Blitz April 4 Late 2023"]
[White "Golubev, Mikhail"]
[Black "Tsvetkov, Andrey"]
[WhiteFideId "14100983"]
[BlackFideId "34139360"]
[WhiteElo "2374"]
[BlackElo "2319"]
[Result "0-1"]
[Round "03"]
[TimeControl "180+2"]
[Date "2023.04.04"]
[WhiteClock "0:00:01"]
[BlackClock "0:00:38"]

1. e4 c5 2. Nf3 d6 3. d4 cxd4 4. Nxd4 Nf6 5. Nc3 a6 6. Bc4 e6 7. O-O b5 8. Bb3 Be7 9. Qf3 Qc7 10. Qg3 O-O 11. Bh6 Ne8 12. Rad1 Bd7 13. f4 Nc6 14. Nxc6 Qxc6 15. f5 Kh8 16. f6 Bxf6 17. Rxf6 gxh6 18. Rxh6 Rg8 19. Qf2 Rg7 20. e5 Rd8 21. exd6 Nxd6 22. Nd5 Rdg8 23. Nf4 Nf5 0-1


[Site "https://www.chess.com"]

[Event "Titled Tuesday Blitz April 4 Late 2023"]
[White "Averjanov, Alexey"]
[Black "Donskov, Anatoly"]
[WhiteFideId "14109867"]
[BlackFideId "24143413"]
[WhiteElo "2655"]
[BlackElo "2247"]
[Result "1-0"]
[Round "03"]
[TimeControl "180+2"]
[Date "2023.04.04"]
[WhiteClock "0:01:31"]
[BlackClock "0:00:01"]

1. d4 d5 2. c4 dxc4 3. Nf3 Nf6 4. e3 e6 5. Bxc4 c5 6. O-O a6 7. b3 b5 8. Bd3 Bb7 9. a4 b4 10. Bb2 Nbd7 11. Nbd2 cxd4 12. Nxd4 Bc5 13. Rc1 O-O 14. Nc4 Rc8 15. Be2 h6 16. Bf3 Qc7 17. Qe2 Qb8 18. Rfd1 Bd5 19. e4 Bxc4 20. Qxc4 Ne5 21. Qxa6 Nxf3+ 22. Nxf3 Nxe4 23. Rc2 Nxf2 24. Rxc5 Ne4 25. Rxc8 Rxc8 26. Qd3 1-0


[Site "https://www.chess.com"]

[Event "Titled Tuesday Blitz April 4 Late 2023"]
[White "Sieciechowicz, Marcin"]
[Black "Goltseva, Ekaterina"]
[WhiteFideId "1130170"]
[BlackFideId "24173770"]
[WhiteElo "2302"]
[BlackElo "2200"]
[Result "0-1"]
[Round "03"]
[TimeControl "180+2"]
[Date "2023.04.04"]
[WhiteClock "0:00:03"]
[BlackClock "0:00:04"]

1. d4 d5 2. c4 e5 3. dxe5 Ne7 4. cxd5 Qxd5 5. Qxd5 Nxd5 6. a3 Nc6 7. Nf3 Bg4 8. Bd2 Bxf3 9. exf3 Nxe5 10. Nc3 O-O-O 11. Nxd5 Rxd5 12. Bc3 Bc5 13. Be2 Nd3+ 14. Bxd3 Rxd3 15. Ke2 Rd7 16. Rhd1 Re8+ 17. Kf1 f6 18. f4 c6 19. Rxd7 Kxd7 20. Rd1+ Kc7 21. Rd3 b5 22. h4 h5 23. f5 Bb6 24. Bd2 Re4 25. g3 Rd4 26. Bf4+ Kd7 27. Rc3 c5 28. f3 c4 29. Ke2 Rd5 30. g4 a5 31. b3 Bd4 32. bxc4 Bxc3 33. cxd5 Bb2 34. Bd2 Bxa3 35. Bxa5 Kd6 36. Bc3 Kxd5 37. g5 Be7 38. Kd3 fxg5 39. hxg5 Bxg5 40. Bxg7 h4 41. f6 Ke6 42. f7 Kxf7 43. Be5 Ke6 44. Bh2 Kd5 45. f4 Bf6 46. f5 b4 47. Kc2 h3 48. Bg1 Kc4 49. Kb1 b3 50. Bh2 b2 51. Kc2 Kd5 52. Kb1 Ke4 53. Kc2 Kxf5 0-1


[Site "https://www.chess.com"]

[Event "Titled Tuesday Blitz April 4 Late 2023"]
[White "Domingo Nunez, Ruben"]
[Black "Erzhanov, Arman"]
[WhiteFideId "22245570"]
[BlackFideId "4138821"]
[WhiteElo "2404"]
[BlackElo "2138"]
[Result "1/2-1/2"]
[Round "03"]
[TimeControl "180+2"]
[Date "2023.04.04"]
[WhiteClock "0:00:13"]
[BlackClock "0:00:23"]

1. b3 c5 2. Bb2 Nc6 3. Nf3 d5 4. e3 Bg4 5. d4 e6 6. h3 Bh5 7. Be2 Nf6 8. O-O cxd4 9. exd4 Be7 10. Ne5 Bxe2 11. Qxe2 O-O 12. c4 dxc4 13. Nxc6 bxc6 14. Qxc4 Qd5 15. Qa4 c5 16. dxc5 Bxc5 17. Bxf6 gxf6 18. Nc3 Qd4 19. Rac1 Rfd8 20. Qc6 Rac8 21. Qf3 f5 22. Rcd1 Qh4 23. Ne2 Bb6 24. Nf4 Rxd1 25. Rxd1 Rc2 26. g3 Qe7 27. Rf1 Rxa2 28. Qa8+ Kg7 29. Qc6 Qc5 30. Qf3 Qd4 31. Qb7 Kf6 32. Qf3 Kg7 33. Nh5+ Kh6 34. Nf4 Kg7 1/2-1/2


[Site "https://www.chess.com"]

[Event "Titled Tuesday Blitz April 4 Late 2023"]
[White "Urbina Perez, Juan Antonio"]
[Black "Martins, Bruno Andre Leite"]
[WhiteFideId "2217368"]
[BlackFideId "1942255"]
[WhiteElo "2197"]
[BlackElo "2240"]
[Result "1/2-1/2"]
[Round "03"]
[TimeControl "180+2"]
[Date "2023.04.04"]
[WhiteClock "0:00:04"]
[BlackClock "0:00:10"]

1. c4 Nf6 2. d4 e6 3. Nf3 d5 4. g3 dxc4 5. Bg2 Bd7 6. Ne5 Bc6 7. Nxc6 Nxc6 8. e3 Qd7 9. O-O Rd8 10. Qc2 e5 11. Qxc4 exd4 12. exd4 Nxd4 13. Re1+ Be7 14. Be3 c5 15. Na3 O-O 16. Rad1 Rfe8 17. Nc2 Bf8 18. Nxd4 cxd4 19. Rxd4 Qxd4 20. Bxd4 Rxe1+ 21. Bf1 Ne4 22. Be3 Nd2 23. Bxd2 Rxd2 24. Kg2 Rxb2 25. Bd3 Re7 26. Qh4 g6 27. Qc4 Rb6 28. h4 Rd6 29. h5 Re5 30. hxg6 hxg6 31. Bc2 Rc6 32. Qd3 Re7 33. Ba4 Rf6 34. Bb3 Rc7 35. Qd8 Re7 36. Qd3 a6 37. Qd4 Rc6 38. Qd5 Rcc7 39. Qd3 Rc6 40. Qd5 Rec7 41. Qd3 Be7 42. Qd5 Bf6 43. Qd3 Kg7 44. Qd5 Re7 45. g4 Re5 46. Qxf7+ Kh6 47. Qf8+ Bg7 48. Qf4+ g5 49. Qf3 Re1 50. Qh3+ Kg6 51. Qh5+ Kf6 52. Qf7+ Ke5 53. Qf5+ Kd6 54. Qxg5 Bd4 55. Qd2 Re4 56. f3 Re7 57. Qxd4+ Kc7 58. Qf4+ Kb6 59. g5 Re2+ 60. Kg3 Re1 61. Qd4+ Kc7 62. Bf7 Re7 63. g6 Rd6 64. Qc4+ Kd7 65. Qg4+ Kc7 66. g7 Rxf7 67. g8=Q Rfd7 68. Qxd7+ Rxd7 69. Qb3 b5 70. Qc3+ Kb6 71. Qf6+ Kc5 72. f4 Rd3+ 73. Kg4 b4 74. Qe5+ Kc4 75. Qe4+ Kc3 76. f5 a5 77. Qxd3+ Kxd3 78. f6 a4 79. f7 b3 80. f8=Q Kc2 81. Qf2+ Kb1 82. axb3 axb3 83. Qe1+ Ka2 84. Qd2+ b2 85. Qa5+ Kb3 86. Qb5+ Kc2 87. Qc4+ Kd2 88. Qb4+ Kc2 89. Qc4+ Kd2 90. Qd4+ Kc2 91. Qe4+ Kc1 92. Qe1+ Kc2 93. Qe2+ Kc1 94. Qe3+ Kc2 95. Qc5+ Kd2 96. Qb4+ Kc2 97. Qc4+ 1/2-1/2


[Site "https://www.chess.com"]